 Dungeon Crawl Stone Soup version 0.31-a0-986-g5e6e4ef867 (webtiles) character file.

Game seed: 15921484319040259711

14839 IdlyInterested the Spear-Bearer (level 11, -18/89 HPs)
             Began as a Demonspawn Fighter on Nov 15, 2023.
             Was a Priest of Kikubaaqudgha.
             Demolished by a skeletal warrior
             ... wielding a +0 halberd
              (23 damage)
             ... on level 12 of the Dungeon.
             The game lasted 00:43:18 (11097 turns).

IdlyInterested the Spear-Bearer (DsFi)             Turns: 11097, Time: 00:43:18

Health: -18/89     AC: 27    Str: 23    XL:     11   Next: 94%
Magic:  20/20      EV: 12    Int: 10    God:    Kikubaaqudgha [***...]
Gold:   850        SH:  5    Dex: 20    Spells: 10/10 levels left

rFire   . . .        U - +2 trident (pain)
rCold   + . .        (no shield)
rNeg    . . .        C - +11 chain mail of the Spider Nest {rC+ MP+9 Dex-2}
rPois   .            (helmet currently unavailable)
rElec   .            x - melded scarf {rC+ rF+}
rCorr   .            (gloves currently unavailable)
SInv    .            k - melded +0 pair of boots
Will    ++...        D - amulet of reflection Stlth
                     w - +4 ring of protection
HPRegen 0.34/turn    s - +6 ring of dexterity
MPRegen 0.17/turn

%: reflection
@: mighty, beast-form, enlightened, flying, slowed, very slow
A: beast (slay +4), slimy green scales 1, foul stench 1, powered by pain 1,
demonic touch 2, horns 1, MP-powered wands
a: Begin Untransformation, Renounce Religion, Unearth Wretches


You were on level 12 of the Dungeon.
You worshipped Kikubaaqudgha.
Kikubaaqudgha was most pleased with you.
You were a hulking beast.
You visited 2 branches of the dungeon, and saw 13 of its levels.

You collected 850 gold pieces.

Inventory:

Hand Weapons
 h - a +0 spear of freezing
 r - the +3 hand axe "Ziotimm" {flame, Will- rCorr Dex+4}
   (You found it on level 2 of the Dungeon)

   Dex+4:     It affects your dexterity (+4).
   Will-:     It decreases your willpower.
   rCorr:     It protects you from acid and corrosion.
 I - the +2 falchion of the Undead {freeze, rElec Str+3 Int-5 Dex+4}
   (You found it on level 6 of the Dungeon)

   Str+3:     It affects your strength (+3).
   Int-5:     It affects your intelligence (-5).
   Dex+4:     It affects your dexterity (+4).
   rElec:     It insulates you from electricity.
 R - a +0 spear of pain
 U - a +2 trident of pain (weapon)
Missiles
 e - 2 javelins
 l - 35 poisoned darts (quivered)
 p - 18 boomerangs
 F - a curare-tipped dart
 M - 3 throwing nets
Armour
 k - a +0 pair of boots (melded)
 x - a scarf of resistance (melded)
 A - a +1 leather armour of fire resistance
 C - the +11 chain mail of the Spider Nest (worn) {rC+ MP+9 Dex-2}
   (You found it on level 3 of the Dungeon)

   Dex-2:     It affects your dexterity (-2).
   rC+:       It protects you from cold.
   MP+9:      It affects your magic capacity (+9).
Magical Staves
 Y - a staff of fire
Jewellery
 n - a ring of positive energy
 s - a +6 ring of dexterity (right hand)
 w - a +4 ring of protection (left hand)
 y - a +6 ring of intelligence
 D - an amulet of reflection (around neck)
 E - a ring of positive energy
 L - a +6 ring of strength
 O - an amulet of regeneration
 S - a ring of protection from fire
 T - a ring of poison resistance
Talismans
 q - a dragon-blood talisman
 X - the beast talisman of Surprise (active) {Will+ Str+3 Dex+3}
   (You found it on level 7 of the Dungeon)

   [beast talisman]

   Str+3:     It affects your strength (+3).
   Dex+3:     It affects your dexterity (+3).
   Will+:     It increases your willpower.
Wands
 G - a wand of digging (5)
 P - a wand of paralysis (4)
 V - a wand of flame (7)
Scrolls
 a - 2 scrolls of revelation
 b - a scroll of blinking
 d - 2 scrolls of enchant weapon
 f - a scroll of amnesia
 j - 2 scrolls of enchant armour
 z - 3 scrolls of poison
 H - a scroll of silence
 K - 3 scrolls of teleportation
 N - a scroll of fear
Potions
 g - a potion of resistance
 t - 3 potions of magic
 v - a potion of brilliance {unknown}
 B - a potion of enlightenment
 J - a potion of mutation
 Q - 4 potions of curing
 W - a potion of cancellation {unknown}
Miscellaneous
 Z - a lightning rod (4/4)


   Skills:
 - Level 9.0 Fighting
 * Level 12.6 Polearms
 - Level 1.0 Throwing
 - Level 6.0 Armour
 - Level 6.0 Dodging
 - Level 1.0 Stealth
 - Level 2.6 Shields
 + Level 3.3 Unarmed Combat
 + Level 7.9 Necromancy
 - Level 1.0 Evocations
 - Level 7.0 Shapeshifting


You had 10 spell levels left.
You didn't know any spells.
Your spell library contained the following spells:

 Spells                   Type           Power      Damage    Failure   Level
 Necrotise                Necr           60%        1d7       8%          1
 Sublimation of Blood     Necr           15%        N/A       12%         2
 Animate Dead             Necr           15%        N/A       61%         4
 Dispel Undead            Necr           15%        3d10      61%         4
 Cigotuvi's Dreadful Rot  Necr/Pois/Air  10%        N/A       71%         2
 Wereblood                Tmut           0%         N/A       97%         2
 Gell's Gravitas          Tloc           0%         N/A       99%         3
 Ozocubu's Armour         Ice            0%         N/A       99%         3
 Teleport Other           Tloc           0%         N/A       99%         3
 Anguish                  Hex/Necr       3%         N/A       99%         4
 Metabolic Englaciation   Hex/Ice        0%         N/A       100%        5
 Death Channel            Necr           7%         N/A       100%        6
 Dispersal                Tloc           0%         N/A       100%        6
 Simulacrum               Ice/Necr       3%         N/A       100%        6
 Summon Hydra             Summ           0%         N/A       100%        7


Dungeon Overview and Level Annotations

Branches:
Dungeon (12/15)            Temple (1/1) D:5            Lair (0/5) D:9
    Orc (0/2) D:10

Altars:
Ashenzari
Cheibriados
Dithmenos
Fedhas
Gozag
Hepliaklqana
Kikubaaqudgha
Makhleb
Nemelex Xobeh
Okawaru
Qazlal
Ru
Sif Muna
Trog
Uskayaw
Vehumet
Wu Jian
Xom
Yredelemnul

Shops:
D:6 =   D:8 (   D:11 =

Annotations:
D:12 1 transporter


Innate Abilities, Weirdness & Mutations

You are a hulking beast.
Your limbs bulge with bestial killing power. (Slay +4)
You are partially covered in slimy green scales. (AC +2)
You may rarely emit foul miasma when damaged in melee.
You sometimes gain a little power by taking damage.
Your touch may inflict irresistible damage on your foes.
You have a pair of small horns on your head.
You expend magic power (3 MP) to strengthen your wands.


Message History

The skeletal warrior throws a stone.
The stone hits you!
Okay, then.
You feel very mighty all of a sudden. The skeletal warrior misses you.
The skeletal warrior throws a stone.
The stone closely misses you.
Reach: U) +2 trident (pain)
Press: ? - help, Dir - move target, f/p - skeletal warrior
Aim: a skeletal warrior, wielding a +0 halberd and quivering stones (heavily damaged, about 26% to evade your +2 trident of pain)
You reach to attack!
You barely miss the skeletal warrior.
The skeletal warrior is heavily damaged.
The skeletal warrior barely misses you.
Reach: U) +2 trident (pain)
Press: ? - help, Dir - move target, f/p - skeletal warrior
Aim: a skeletal warrior, wielding a +0 halberd and quivering stones (moderately damaged, about 26% to evade your +2 trident of pain)
You reach to attack!
You hit the skeletal warrior.
The skeletal warrior is heavily damaged.
The skeletal warrior hits you from afar with a +0 halberd!
* * * LOW HITPOINT WARNING * * *
The death knight offers itself to Yredelemnul, and fills with unholy energy.
Reach: U) +2 trident (pain)
Press: ? - help, Dir - move target, f/p - skeletal warrior
Aim: a skeletal warrior, wielding a +0 halberd and quivering stones (heavily damaged, about 26% to evade your +2 trident of pain)
You reach to attack!
You puncture the skeletal warrior!
The skeletal warrior is heavily damaged.
The skeletal warrior hits you from afar with a +0 halberd!
* * * LOW HITPOINT WARNING * * *
Reach: U) +2 trident (pain)
Press: ? - help, Dir - move target, f/p - skeletal warrior
Aim: a skeletal warrior, wielding a +0 halberd and quivering stones (heavily damaged, about 26% to evade your +2 trident of pain)
You reach to attack!
You barely miss the skeletal warrior.
The skeletal warrior is heavily damaged.
The skeletal warrior throws a stone.
The stone hits you but does no damage.
Reach: U) +2 trident (pain)
Press: ? - help, Dir - move target, f/p - skeletal warrior
Aim: a skeletal warrior, wielding a +0 halberd and quivering stones (heavily damaged, about 26% to evade your +2 trident of pain)
You reach to attack!
You puncture the skeletal warrior!
The skeletal warrior is severely damaged.
The skeletal warrior hits you from afar with a +0 halberd!!
You die...
Kikubaaqudgha rasps: "You have failed me!
Welcome... death!"

..##.........................##.#
####........©................##<.
#..#############..####.#######
#..#....?!.....#..# #.# # ##
#..#...........#..# #.# # .#
#..#..##...##..#..# #.# # .#
#..#..#8...8#..#..####<# #
.###..#..##..Z##..#.......#######
......#.....Zpz.h.#..##.........#
.##...#..##..Z##).#..##.#######..
.###..#..#8...8#..#..##.# ### ##
#..#.z##...##..#..#..# #
#..#......Zp...#..#.##
#..#..........©#..#.#
#..#############..#'####
#........©.............###
#......................'.#


You could see a death knight (reflects damage), a skeletal warrior, a spectral
wolf spider, a spectral boggart and a sphinx simulacrum.

Vanquished Creatures
  The ghost of FakeRyeBread the Grappler, a journeyman TrFi of Wu Jian (D:12)
  Harold (D:9)
  Erolcha (D:11)
  A two-headed ogre (D:9)
  A skeletal warrior (D:12)
  A shadow wraith (D:12)
  An ugly thing (D:12)
  The ghost of pigah the Insei, a novice OpSh of Gozag (D:5)
  2 kobold demonologists (D:10)
  A komodo dragon (D:12)
  2 trolls
  Grinder (D:5)
  A hornet (D:7)
  4 shadows
  A vampire (D:11)
  4 wraiths
  12 yaks
  2 wyverns
  A basilisk (D:10)
  2 steam dragons
  4 vampire mosquitoes (D:12)
  An acid dragon (D:11)
  3 water moccasins
  Duvessa (D:6)
  An ice beast (D:8)
  5 orc warriors
  A sky beast (D:6)
  A black bear (D:6)
  2 ogres
  A centaur (D:5)
  2 phantoms
  4 kobold brigands
  A bullfrog (D:9)
  3 gnoll sergeants
  4 scorpions
  3 wights (D:6)
  Dowan (D:6)
  11 killer bees
  2 electric eels
  6 howler monkeys
  12 orc priests
  4 hounds
  3 jellies
  3 gnoll boudas
  2 sleepcaps
  An iguana (D:4)
  6 orc wizards
  5 adders
  17 gnolls
  A white imp (D:6)
  5 dart slugs
  73 orcs
  4 bats
  16 endoplasms
  2 giant cockroaches
  7 goblins
  6 hobgoblins
  6 quokkas
  3 training dummies (D:8)
  6 ball pythons
  3 frilled lizards
  21 kobolds
  A rat (D:1)
305 creatures vanquished.

Vanquished Creatures (others)
  An orc (D:10)
1 creature vanquished.

Grand Total: 306 creatures vanquished

Notes
Turn   | Place    | Note
-------+----------+-------------------------------------------
     0 | D:1      | IdlyInterested the Demonspawn Fighter began the quest for
                  | the Orb.
     0 | D:1      | Reached XP level 1. HP: 18/18 MP: 1/1
    87 | D:1      | Reached skill level 1 in Dodging
   124 | D:1      | Gained mutation: Your touch may inflict minor irresistible
                  | damage on your foes. [demonic ancestry]
   124 | D:1      | Reached XP level 2. HP: 15/24 MP: 2/2
   525 | D:1      | Reached skill level 1 in Stealth
  1015 | D:2      | Reached skill level 1 in Evocations
  1015 | D:2      | Gained mutation: You sometimes gain a little power by
                  | taking damage. [demonic ancestry]
  1015 | D:2      | Reached XP level 3. HP: 28/29 MP: 3/3
  1156 | D:2      | Identified the +3 hand axe "Ziotimm" {flame, Will- rCorr
                  | Dex+4}
  1231 | D:2      | Reached skill level 1 in Throwing
  1316 | D:2      | Reached XP level 4. HP: 26/37 MP: 4/4
  1612 | D:3      | Identified the +11 chain mail of the Spider Nest {rC+ MP+9
                  | Dex-2}
  2091 | D:3      | You fall into a shaft and drop 1 floor!
  2132 | D:4      | Reached skill level 1 in Shapeshifting
  2139 | D:4      | Reached XP level 5. HP: 8/43 MP: 5/5
  2555 | D:3      | Found a faded altar of an unknown god.
  2734 | D:4      | Found a sparkling altar of Nemelex Xobeh.
  3113 | D:5      | Entered Level 5 of the Dungeon
  3114 | D:5      | Noticed Grinder
  3131 | D:5      | Reached skill level 5 in Fighting
  3135 | D:5      | Killed Grinder
  3136 | D:5      | Gained mutation: You are partially covered in slimy green
                  | scales. (AC +2) [demonic ancestry]
  3136 | D:5      | Reached XP level 6. HP: 47/52 MP: 6/6
  3349 | D:5      | Reached XP level 7. HP: 58/58 MP: 7/7
  3379 | D:5      | Found a staircase to the Ecumenical Temple.
  3389 | Temple   | Entered the Ecumenical Temple
  3454 | D:5      | Identified the +0 ring mail of Insecurity {-Cast rPois
                  | rCorr Int-5}
  3674 | D:5      | Noticed a steam dragon
  3677 | D:5      | Killed a steam dragon
  3833 | D:5      | Found a transporter.
  3834 | D:5      | Found a transporter.
  4000 | D:5      | Noticed pigah's ghost (novice OpSh)
  4032 | D:5      | Reached XP level 8. HP: 53/67 MP: 8/8
  4141 | D:5      | Killed pigah's ghost
  4451 | D:6      | Reached skill level 1 in Polearms
  4500 | D:6      | Found Lirij's Jewellery Boutique.
  4500 | D:6      | Noticed Duvessa
  4501 | D:6      | Noticed Dowan
  4510 | D:6      | Reached skill level 1 in Necromancy
  4528 | D:6      | Killed Duvessa
  4529 | D:6      | Reached skill level 2 in Polearms
  4540 | D:6      | Killed Dowan
  4554 | D:6      | Reached XP level 9. HP: 32/75 MP: 9/9
  4853 | D:6      | Reached skill level 3 in Polearms
  5006 | D:6      | Reached skill level 5 in Dodging
  5342 | D:6      | Identified the +2 falchion of the Undead {freeze, rElec
                  | Str+3 Int-5 Dex+4}
  5950 | D:7      | Reached skill level 4 in Polearms
  5979 | D:7      | Identified the beast talisman of Surprise {Will+ Str+3
                  | Dex+3}
  6007 | D:7      | Reached skill level 5 in Shapeshifting
  6125 | D:7      | Paralysed by a hornet for 1 turns
  6351 | D:7      | Identified the +7 dagger of the Dwarven Hall {freeze, Int+2
                  | Dex-4 Stlth+}
  6825 | D:8      | Found a stormy altar of Qazlal.
  6835 | D:8      | Found an opulent altar of Gozag.
  6856 | D:8      | Found Paonoobb's Firing Range.
  6972 | D:8      | Found a hide-covered altar of Uskayaw.
  7060 | D:7      | Gained mutation: You may rarely emit foul miasma when
                  | damaged in melee. [demonic ancestry]
  7060 | D:7      | Reached XP level 10. HP: 83/83 MP: 10/10
  7128 | Temple   | Became a worshipper of Kikubaaqudgha
  7781 | D:9      | Gained mutation: You expend magic power (3 MP) to
                  | strengthen your wands. [potion of mutation]
  7781 | D:9      | Gained mutation: You have a pair of small horns on your
                  | head. [potion of mutation]
  7822 | D:9      | Found a broken altar of Ashenzari.
  7893 | D:9      | Noticed Harold
  7905 | D:9      | Killed Harold
  7906 | D:9      | Reached skill level 5 in Polearms
  7933 | D:9      | Found a sacrificial altar of Ru.
  8048 | D:9      | Found a staircase to the Lair.
  8102 | D:9      | Noticed a two-headed ogre
  8110 | D:9      | Killed a two-headed ogre
  8110 | D:9      | Reached * piety under Kikubaaqudgha
  8110 | D:9      | Received a gift from Kikubaaqudgha
  8111 | D:9      | Reached skill level 6 in Polearms
  8143 | D:9      | Reached skill level 7 in Polearms
  8341 | D:10     | Entered Level 10 of the Dungeon
  8430 | D:10     | Reached skill level 5 in Necromancy
  8539 | D:10     | Reached skill level 8 in Polearms
  8780 | D:10     | Reached skill level 9 in Polearms
  8780 | D:10     | Gained mutation: Your touch may inflict irresistible damage
                  | on your foes. [demonic ancestry]
  8780 | D:10     | Reached XP level 11. HP: 89/89 MP: 11/11
  8796 | D:10     | Found an iron altar of Okawaru.
  8823 | D:10     | Reached skill level 5 in Armour
  8871 | D:10     | Reached ** piety under Kikubaaqudgha
  8893 | D:10     | Found a staircase to the Orcish Mines.
  9193 | D:10     | Found an ornate altar of the Wu Jian Council.
  9340 | D:11     | Found Gestulo's Jewellery Shoppe.
  9444 | D:11     | Reached skill level 10 in Polearms
  9733 | D:11     | Noticed Erolcha
  9741 | D:11     | Killed Erolcha
  9895 | D:11     | Reached skill level 11 in Polearms
  9896 | D:11     | Reached *** piety under Kikubaaqudgha
  9896 | D:11     | Received a gift from Kikubaaqudgha
 10400 | D:12     | Found a transporter.
 10402 | D:12     | Noticed FakeRyeBread's ghost (journeyman TrFi)
 10404 | D:12     | Found a transporter.
 10407 | D:12     | Noticed a death knight
 10408 | D:12     | Noticed a skeletal warrior
 10413 | D:12     | Noticed a skeletal warrior
 10452 | D:12     | Found a broken altar of Ashenzari.
 10472 | D:12     | Identified the +5 dagger "Wiryro" {freeze, Dex+2}
 10565 | D:12     | Noticed a purple ugly thing
 10573 | D:12     | Killed a purple ugly thing
 11039 | D:12     | Reached skill level 12 in Polearms
 11063 | D:12     | Killed FakeRyeBread's ghost
 11070 | D:12     | Killed a shadow wraith
 11077 | D:12     | Killed a skeletal warrior
 11097 | D:12     | Demolished by a skeletal warrior

Illustrated notes

Levels and vault maps discovered:
D:1:      ncdulo_wetmaze, layout_basic
D:2:      minmay_spotlight, layout_rooms
D:3:      layout_rooms, shapermc_ecumenical_altar_mp_highgroup,
          grunt_ministairs_11
D:4:      layout_basic, general_overflow_altar, item_on_display_a
D:5:      layout_loops_ring, minmay_temple_entry_purple_smoke,
          gammafunk_ghost_gnarly_gnolls, roderic_lattice_a, uniq_grinder
D:6:      layout_basic, lemuel_round_altar, zin_academy, serial_shops,
          nicolae_stop_n_shop_1, uniq_duvessa
D:7:      layout_basic, mainiacjoe_overflow_brackets, feat_on_display
D:8:      layout_layer_cave, overflow_temple_1_default,
          nicolae_qazlal_scattered_showers, mainiacjoe_overflow_small_starburst,
          nicolae_shop_firing_range
D:9:      layout_irregular_city, mainiacjoe_overflow_catch_the_wave, uniq_harold
D:10:     layout_stronghold, mainiacjoe_overflow_alcove_4,
          okawaru_ov_weapons_minmay, hiddenorc2_lemuel,
          kennysheep_generic_room_2
D:11:     layout_roguey, nicolae_wooded_promenade, kennysheep_generic_room_3,
          uniq_erolcha
D:12:     layout_roguey, gammafunk_ghost_mausoleum, cheibrodos_ashenzari_chains
Temple:   nicolae_temple_ecumenical_triangle

Skill      XL: |  1  2  3  4  5  6  7  8  9 10 11 |
---------------+----------------------------------+-----
Dodging        | 1 2 3 4 6 |  6.0
Stealth        | 1 |  1.0
Evocations     | 1 |  1.0
Throwing       | 1 |  1.0
Fighting       | 4 5 6 7 8 9 |  9.0
Shapeshifting  | 1 2 3 4 6 7 |  7.0
Armour         | 3 4 6 |  6.0
Polearms       | 2 4 9 12 | 12.6
Necromancy     | 1 3 5 7 |  7.9
Unarmed Combat | 3 |  3.3
Shields        | |  2.6

Action                     |  1- 3 |  4- 6 |  7- 9 | 10-12 || total
---------------------------+-------+-------+-------+-------++-------
  Melee: Unarmed           |   113 |    61 |       |       ||   174
         Touch             |    17 |    22 |    63 |    55 ||   157
         Punch             |       |     1 |     6 |     7 ||    14
         Scimitar          |       |    28 |    61 |       ||    89
         Trident           |       |       |   218 |   359 ||   577
         Headbutt          |       |       |       |    71 ||    71
  Throw: Stone             |     3 |     6 |    11 |    11 ||    31
         Dart              |       |       |     4 |    15 ||    19
  Evoke: Wand              |       |       |       |     1 ||     1
    Use: Scroll            |       |     5 |     5 |     4 ||    14
         Potion            |       |     3 |     4 |    11 ||    18
 Armour: Scale mail        |    68 |    11 |       |       ||    79
         Chain mail        |       |    25 |   208 |   219 ||   452
  Dodge: Dodged            |    48 |    26 |   125 |   130 ||   329
  Block: Buckler           |     3 |       |       |       ||     3
         Other             |       |    11 |    50 |    57 ||   118
         Reflection        |       |       |     3 |     4 ||     7
   Form: Beast             |       |       |     3 |       ||     3
                           |       |       |     2 |       ||     2

Table legend: (Time is in decaauts)
 A = Elapsed time spent in this place.
 B = Non-inter-level travel time spent in this place.
 C = Inter-level travel time spent in this place.
 D = Time resting spent in this place.
 E = Time spent auto-exploring this place.
 F = Levels seen in this place.
 G = Mean time per level.
                   A        B        C        D        E       F      G
               +--------+--------+--------+--------+--------+-----+--------+
         Total |  11097 |  10271 |    826 |    891 |   6746 |  13 |  853.6 |
       Dungeon |  11063 |  10255 |    808 |    891 |   6746 |  12 |  921.9 |
        Temple |     33 |     16 |     17 |      0 |      0 |   1 |   33.0 |
               +--------+--------+--------+--------+--------+-----+--------+

Top non-repeatable levels by time:
     D:6: 1426 daAuts
     D:5: 1308 daAuts
     D:8: 1069 daAuts
     D:1: 1008 daAuts
    D:11: 1006 daAuts
    D:10: 983 daAuts
     D:4: 769 daAuts
     D:7: 723 daAuts
     D:3: 722 daAuts
     D:9: 719 daAuts
    D:12: 709 daAuts
     D:2: 617 daAuts
  Temple: 33 daAuts
